 Dungeon Crawl Stone Soup version 0.24.0-123-gd5b16e6ec5 (webtiles) character file.

Game seed: 9493018687022526411, levelgen mode: deterministic

44 Legadrian the Insei (level 3, 0/27 HPs)
             Began as a Human Transmuter on Feb 11, 2020.
             Slain by an orc wizard
             ... wielding a +0 dagger
              (4 damage)
             ... on level 2 of the Dungeon.
             The game lasted 00:05:32 (1124 turns).

Legadrian the Insei (Human Transmuter)              Turns: 1124, Time: 00:05:33

Health: 0/27       AC:  6    Str: 10    XL:     3   Next: 85%
Magic:  5/6        EV: 12    Int: 14    God:
Gold:   24         SH:  0    Dex: 13    Spells: 0/6 levels left

rFire    . . .     SeeInvis .     - Unarmed
rCold    . . .     Gourm    .   (no shield)
rNeg     . . .     Faith    .   b - +0 robe
rPois    .         Spirit   .   f - +2 helmet
rElec    .         Reflect  .   (no cloak)
rCorr    .         Harm     .   e - +0 pair of gloves
MR       .....                  (boots currently unavailable)
Stlth    +.........             (no amulet)
HPRegen  0.09/turn              (no ring)
MPRegen  0.10/turn              (no ring)

@: appendage
A: talons 3
a: End Transformation


You were on level 2 of the Dungeon.
You were not hungry.
You had grown temporary talons.
You visited 1 branch of the dungeon, and saw 3 of its levels.

You collected 24 gold pieces.

Inventory:

Missiles
 a - 11 arrows
Armour
 b - a +0 robe (worn)
 e - a +0 pair of gloves (worn)
 f - a +2 helmet (worn)
Jewellery
 i - an uncursed amulet of magic regeneration
Scrolls
 c - a scroll of remove curse
 g - a scroll of blinking {unknown}
 h - a scroll of fog {unknown}
 j - a scroll of amnesia {unknown}
 k - a scroll of identify
Comestibles
 d - 5 rations
 l - 3 chunks of flesh


   Skills:
 * Level 1.9 Fighting
 - Level 2.0 Dodging
 + Level 0.4 Stealth
 + Level 4.0 Unarmed Combat
 - Level 2.0 Spellcasting
 - Level 2.0 Transmutations


You couldn't memorise any spells.
You knew the following spells:

 Your Spells              Type           Power        Failure   Level  Hunger
a - Beastly Appendage     Tmut           #.....       11%         1    ##.....
b - Sticks to Snakes      Tmut           #.......     16%         2    ###....
c - Spider Form           Tmut/Pois      #.........   43%         3    ####...

Your spell library contained the following spells:

 Spells                   Type           Power        Failure   Level  Hunger
 Ice Form                 Ice/Tmut       #.......     83%         4    #####..
 Blade Hands              Tmut           #.........   96%         5    ######.


Dungeon Overview and Level Annotations

Branches:
Dungeon (3/15)

Altars:


Innate Abilities, Weirdness & Mutations

You have claws for feet.


Message History

You can't go up here!
The orc wizard barely misses you.
Casting: Beastly Appendage (safe; 11% risk of failure)
Confirm with . or Enter, or press ? or * to list all spells.
Your feet morph into talons.
The orc wizard hits you but does no damage. x2
You hit the orc wizard. You claw the orc wizard.
The orc wizard is moderately wounded.
The orc wizard hits you but does no damage.
You hit the orc wizard but do no damage.
You claw the orc wizard.
The orc wizard is heavily wounded.
The orc wizard points at you and mumbles some strange words.
The magic dart hits you!
* * * LOW HITPOINT WARNING * * *
You hit the orc wizard but do no damage.
You claw the orc wizard.
The orc wizard is severely wounded.
The orc wizard hits you with a +0 dagger.
You die...

########## #...[.....
############## #.########
.............###########.########
.................................
.###########...........#....#####
## #..####>..>......#
#..####.###.#....####
#....@o.###.........#
##.####>............#
#############.# #.............#
..รท...........# #..........####
############..# #.##...#...#####
..##########..# #.....##........
#.#...........# ##.###.###.#.####
#.#.#######...###.#.##.# #.#.#
#.#.# #...##.###.#.# #.#.#


You could see an orc wizard.

Vanquished Creatures
  3 adders (D:2)
  2 leopard geckos (D:2)
  An orc (D:3)
  A goblin (D:2)
  3 hobgoblins
  A quokka (D:2)
  A bat (D:2)
  A frilled lizard (D:2)
  3 kobolds (D:2)
16 creatures vanquished.

Notes
Turn   | Place    | Note
-------+----------+-------------------------------------------
     0 | D:1      | Legadrian the Human Transmuter began the quest for the Orb.
     0 | D:1      | Reached XP level 1. HP: 15/15 MP: 3/3
    71 | D:2      | Reached XP level 2. HP: 11/21 MP: 3/5
    75 | D:2      | Learned a level 2 spell: Sticks to Snakes
   260 | D:2      | Reached XP level 3. HP: 26/26 MP: 0/6
  1043 | D:2      | Learned a level 3 spell: Spider Form
  1095 | D:3      | Reached skill level 4 in Unarmed Combat
  1124 | D:2      | Slain by an orc wizard

Levels and vault maps discovered:
D:1:      minmay_arrival_solitary_statue, layout_loops_ring, minmay_quantized
D:2:      layout_loops_ring, first_ration
D:3:      layout_basic, chequers_ecumenical_altar_simple_redux

Skill      XL: |  1  2  3 |
---------------+----------+-----
Unarmed Combat | 4 |  4.0
Fighting       | |  1.9
Dodging        | |  2.0
Stealth        | |  0.4
Spellcasting   | |  2.0
Transmutations | |  2.0

Action                   || total
-------------------------++-------
Melee: Unarmed           ||    66
       Kick              ||    13
       Punch             ||     2
       Headbutt          ||     2
 Cast: Beastly Appendage ||    13
       Sticks to Snakes  ||     1
  Use: Scroll            ||     3
       Potion            ||     1
 Stab: Sleeping          ||     1
  Eat: Chunk             ||     1
Armor: Robe              ||    13
Dodge: Dodged            ||    62
